 Dungeon Crawl Stone Soup version 0.30-b1-5-g8e6c1be481 (webtiles) character file.

Game seed: 11453077320733139935

156 greasedhog the Ruffian (level 5, -5/46 (53) HPs)
             Began as a Troll Fighter on May 4, 2023.
             Slain by Edmund
             ... wielding a +1 dire flail of draining
              (13 damage)
             ... on level 4 of the Dungeon.
             The game lasted 00:05:17 (2444 turns).

greasedhog the Ruffian (Troll Fighter)              Turns: 2444, Time: 00:05:18

HP:   -5/46 (53)    AC:  4    Str: 24    XL:     5   Next: 14%
MP:   4/4           EV:  8    Int:  6    God:
Gold: 60            SH:  8    Dex:  9    Spells: 4/4 levels left

rFire   . .          .
                       - Unarmed
rCold   . . .        b - +0 kite shield
rNeg    . . .        o - +0 robe of Coatiu {rPois Will+}
rPois   +            (helmet restricted)
rElec   .            (no cloak)
rCorr   .            (gloves unavailable)
SInv    .            (boots unavailable)
Will    ++...        (no amulet)
Stlth   +            k - ring of willpower
HPRegen 1.07/turn    (no ring)
MPRegen 0.09/turn

%: no passive effects
@: heavily drained
A: large, unfitting armour, claws 3, regeneration 1, shaggy fur 1, tough skin 1
a: no special abilities


You were on level 4 of the Dungeon.
You visited 1 branch of the dungeon, and saw 4 of its levels.

You collected 60 gold pieces.

Inventory:

Missiles
 j - a throwing net (quivered)
Armour
 b - a +0 kite shield (worn)
 o - the +0 robe of Coatiu (worn) {rPois Will+}
   (You found it on level 2 of the Dungeon)

   rPois:     It protects you from poison.
   Will:      It increases your willpower.
Jewellery
 k - a ring of willpower (left claw)
 t - a +6 ring of strength
Wands
 h - a wand of iceblast (11)
Scrolls
 g - a scroll of blinking
 l - a scroll of enchant armour
 m - a scroll of butterflies {unknown}
 q - a scroll of vulnerability {unknown}
 s - a scroll of acquirement {unknown}
 u - a scroll of magic mapping {unknown}
Potions
 a - 2 potions of haste {unknown}
 c - 3 potions of might
 d - a potion of lignification
 e - a potion of magic
 f - a potion of flight {unknown}
 i - a potion of berserk rage {unknown}
 n - a potion of invisibility {unknown}
 p - 2 potions of curing {unknown}
 r - a potion of mutation {unknown}


   Skills:
 + Level 3.1 Fighting
 - Level 2.4 Dodging
 + Level 3.6 Shields
 * Level 3.9 Unarmed Combat


You had 4 spell levels left.
You didn't know any spells.
Your spell library was empty.

Dungeon Overview and Level Annotations

Branches:
Dungeon (4/15)
 Temple: D:4-7

Altars:

Annotations:
D:4 Edmund


Innate Abilities, Weirdness & Mutations

You are too large for most types of armour.
You have claws for hands.
Your natural rate of healing is unusually fast.
You are covered in fur. (AC +1)
You have tough skin. (AC +1)


Message History

Level annotation: Edmund
There is a stone staircase leading up here.
You completely miss Edmund.
Edmund zaps a wand.
The puff of flame hits you!
You claw Edmund!
Edmund is moderately wounded.
You block Edmund's attack.
You scratch Edmund but do no damage.
Edmund is moderately wounded.
Edmund barely misses you.
You scratch Edmund.
Edmund is heavily wounded.
Edmund hits you with a +1 dire flail of draining!
You feel drained.
You closely miss Edmund.
Edmund is heavily wounded.
Edmund zaps a wand.
The puff of flame misses you.
You claw Edmund!
Edmund is severely wounded.
Edmund hits you with a +1 dire flail of draining.
You feel drained.
You scratch Edmund but do no damage.
Edmund is severely wounded.
Edmund hits you with a +1 dire flail of draining.
You feel drained.
You scratch Edmund.
Edmund is severely wounded.
Edmund zaps a wand.
The puff of flame hits you!
You scratch Edmund but do no damage.
Edmund is severely wounded.
Edmund hits you with a +1 dire flail of draining!
* * * LOW HITPOINT WARNING * * *
You feel drained.
* * * LOW HITPOINT WARNING * * *
You closely miss Edmund.
Edmund is severely wounded.
You block Edmund's attack.
You barely miss Edmund.
Edmund is severely wounded.
Edmund hits you with a +1 dire flail of draining!
You die...

#.... .....
#..........
##..........
#....#........#.
#....#.... ....
#.......# .....
####.......###.....
#......@...........
#.##....@..........
#...............
#...............
##..###.##......
#..##......^...
#..##..........
#..........@...
#...##.####....


You could see Edmund.

Vanquished Creatures
  Robin (D:3)
  A gnoll (D:2)
  4 adders
  A worm (D:3)
  3 dart slugs (D:3)
  4 orcs
  3 ball pythons
  7 bats
  2 endoplasms (D:2)
  3 giant cockroaches
  14 goblins
  11 hobgoblins
  3 jackals (D:1)
  6 quokkas
  2 frilled lizards (D:1)
  6 kobolds
  10 rats
81 creatures vanquished.

Notes
Turn   | Place    | Note
-------+----------+-------------------------------------------
     0 | D:1      | greasedhog the Troll Fighter began the quest for the Orb.
     0 | D:1      | Reached XP level 1. HP: 22/22 MP: 0/0
   110 | D:1      | Reached XP level 2. HP: 29/29 MP: 1/1
   854 | D:2      | Reached XP level 3. HP: 33/36 MP: 2/2
  1224 | D:2      | Reached XP level 4. HP: 44/44 MP: 3/3
  1416 | D:2      | Identified the +0 robe of Coatiu {rPois Will+}
  1678 | D:3      | Noticed Robin
  1732 | D:3      | Killed Robin
  1983 | D:3      | Reached XP level 5. HP: 53/53 MP: 4/4
  2404 | D:4      | Noticed Edmund
  2444 | D:4      | Slain by Edmund

Illustrated notes

Levels and vault maps discovered:
D:1:      nzn_arrival_depleted_hourglass, layout_basic
D:2:      layout_loops_ring, roderic_roman_lattice, minmay_quantized
D:3:      layout_loops_cross, uniq_robin
D:4:      layout_basic, serial_shops, nicolae_diamond_shop, uniq_grinder,
          uniq_edmund

Skill      XL: |  1  2  3  4 |
---------------+-------------+-----
Shields        | 3 |  3.6
Unarmed Combat | 3 |  3.9
Fighting       | 3 |  3.1
Dodging        | |  2.4

Action                     |  1- 3 |  4- 6 || total
---------------------------+-------+-------++-------
  Melee: Unarmed           |   117 |    99 ||   216
    Use: Scroll            |     4 |     1 ||     5
 Armour: Robe              |    38 |    22 ||    60
  Dodge: Dodged            |    42 |    45 ||    87
  Block: Kite shield       |    48 |    40 ||    88
